 Dungeon Crawl Stone Soup version 0.22-a0-246-gdc04c06 (webtiles) character file.

24 wolfsongas the Skirmisher (level 3, 0/35 HPs)
             Began as a Gnoll Wanderer on Feb 23, 2018.
             Slain by a bat (1 damage)
             ... on level 2 of the Dungeon.
             The game lasted 00:02:13 (1154 turns).

wolfsongas the Skirmisher (Gnoll Wanderer)          Turns: 1154, Time: 00:02:14

Health: 0/35       AC:  1    Str: 12    XL:     3   Next: 2%
Magic:  7/7        EV:  5    Int: 17    God:
Gold:   100        SH: 11    Dex: 12    Spells: 7/7 levels left

rFire    . . .     SeeInvis .   m - -2 dagger (curse)
rCold    . . .     Gourm    .   o - +0 large shield
rNeg     . . .     Faith    .   h - +1 ring mail
rPois    .         Spirit   .   (no helmet)
rElec    .         Reflect  .   (no cloak)
rCorr    .         Harm     .   (no gloves)
MR       .....                  i - +0 pair of boots
Stlth    ++........             (no amulet)
HPRegen  0.11/turn              k - -6 ring of protection (curse)
MPRegen  0.10/turn              g - -2 ring of dexterity (curse)

@: no status effects
A: distributed training, fangs 1, strong nose
a: no special abilities


You were on level 2 of the Dungeon.
You were not hungry.

You visited 1 branch of the dungeon, and saw 2 of its levels.

You collected 100 gold pieces.

Inventory:

Hand Weapons
 c - a +0 spear
 e - a +0 dagger
 m - a cursed -2 dagger (weapon)
Armour
 d - a +0 robe
 h - a +1 ring mail (worn)
 i - a +0 pair of boots (worn)
 o - a +0 large shield (worn)
Jewellery
 f - an uncursed ring of ice
 g - a cursed -2 ring of dexterity (right hand)
 k - a cursed -6 ring of protection (left hand)
Scrolls
 j - a scroll of teleportation
Potions
 b - a potion of might
 n - a potion of agility
Comestibles
 a - 4 rations


   Skills:
 + Level 6.5 Fighting
 + Level 0.5 Short Blades
 + Level 0.5 Long Blades
 + Level 0.5 Axes
 + Level 0.5 Maces & Flails
 + Level 0.5 Polearms
 + Level 0.5 Staves
 + Level 0.5 Slings
 + Level 0.5 Bows
 + Level 0.5 Crossbows
 + Level 2.5 Throwing
 + Level 0.5 Armour
 + Level 0.5 Dodging
 + Level 4.1 Stealth
 + Level 2.5 Shields
 + Level 0.5 Unarmed Combat
 + Level 2.7 Spellcasting
 + Level 0.4 Conjurations
 + Level 0.4 Hexes
 + Level 0.4 Charms
 + Level 0.4 Summonings
 + Level 0.4 Necromancy
 + Level 0.4 Translocations
 + Level 0.4 Transmutations
 + Level 0.4 Fire Magic
 + Level 0.4 Ice Magic
 + Level 0.4 Air Magic
 + Level 0.4 Earth Magic
 + Level 3.7 Poison Magic
 + Level 0.7 Invocations
 + Level 0.5 Evocations


You had 7 spell levels left.
You didn't know any spells.

Dungeon Overview and Level Annotations

Branches:
Dungeon (2/15)

Altars:
Xom


Innate Abilities, Weirdness & Mutations

Your experience applies equally to all skills.
You have very sharp teeth.
Your uncanny sense of smell can sniff out nearby items.


Message History

The bat barely misses you. The bat completely misses you.
You hit the bat but do no damage. The bat hits you.
* * * LOW HITPOINT WARNING * * *
You block the bat's attack.
Your shield prevents you from hitting the bat.
The bat barely misses you. The bat hits you but does no damage.
Your shield prevents you from hitting the bat.
The bat hits you.
* * * LOW HITPOINT WARNING * * *
The bat hits you but does no damage. The bat barely misses you.
You miss the bat. The bat hits you but does no damage.
You hit the bat but do no damage. Your bite misses the bat. The bat hits you.
* * * LOW HITPOINT WARNING * * *
The bat hits you.
* * * LOW HITPOINT WARNING * * *
The bat hits you but does no damage. The bat hits you.
You die...

#......#...########.....#
#...†..<.........##.....#
#####.##..>.............#
#....#.....#..##.....#
#....#...#....##...[.#
#?...#...#....#####.##
##.........#..# #..#
#####.b......# ##.##
#.....@.....#######..##
#......................
#........###########..#
####.....# ##.# #.....#
#.. #.....# ##.
#.....####### #.
#...$.......# ##.
#...........# #..


You could see a bat.

Vanquished Creatures
  An adder (D:2)
  A dart slug (D:1)
  2 hobgoblins (D:1)
  A quokka (D:2)
  A bat (D:1)
  4 goblins
  A kobold (D:2)
  3 rats
14 creatures vanquished.

Notes
Turn   | Place    | Note
-------+----------+-------------------------------------------
     0 | D:1      | wolfsongas the Gnoll Wanderer began the quest for the Orb.
     0 | D:1      | wolfsongas set off with: a ration, a +0 spear, a +0 robe, a +0 dagger
     0 | D:1      | Reached XP level 1. HP: 23/23 MP: 4/4
   238 | D:1      | Reached XP level 2. HP: 18/29 MP: 5/5
   817 | D:2      | Found a shimmering altar of Xom.
  1103 | D:2      | Reached XP level 3. HP: 5/35 MP: 7/7
  1153 | D:2      | HP: 1/35 [bat (1)]
  1154 | D:2      | Slain by a bat

Vault maps used:
D:1:      moated_graveyard_arrival
D:2:      xom_teletrap_fun

Action                   || total
-------------------------++-------
Melee: Spear             ||    24
       Bite              ||     5
       Dagger            ||    62
  Use: Scroll            ||     6
       Potion            ||     3
 Stab: Sleeping          ||     1
  Eat: Chunk             ||     1
Armor: Ring mail         ||    30
Dodge: Dodged            ||    37
Block: Large shield      ||    42

Table legend:
 A = Spawn XP
 B = Non-spawn XP
 C = Spawn XP percentage of total XP
 D = Spawn monster count
 E = Non-spawn monster count
 F = Spawn count percentage of total count
 G = Total turns spent on level
                    A         B        C        D         E        F      G
               +---------+---------+-------+---------+---------+-------+---------
         Total |       0 |      35 |   0.0 |       0 |      14 |   0.0 |  1154
               +---------+---------+-------+---------+---------+-------+---------
           D:1 |       0 |      16 |   0.0 |       0 |       9 |   0.0 |   817
           D:2 |       0 |      19 |   0.0 |       0 |       5 |   0.0 |   337
               +---------+---------+-------+---------+---------+-------+---------
